 Dungeon Sprint DCSS version 0.29-a0-251-g80730f7218 (webtiles) character file.

Game seed: 12729349563339564335

1050 mhtbhm the Cleaver (level 8, -28/129 HPs)
             Began as a Minotaur Berserker on Mar 5, 2022.
             Was an Elder of Trog.
             Annihilated by a boulder beetle (59 damage)
             ... in the Dungeon (Sprint II: "The Violet Keep of Menkaure").
             The game lasted 00:00:39 (286 turns).

mhtbhm the Cleaver (Minotaur Berserker)              Turns: 286, Time: 00:00:40

Health: -28/129    AC:  2    Str: 25    XL:     8   Next: 5%
Magic:  7/7        EV: 13    Int:  4    God:    Trog [****..]
Gold:   972        SH:  0    Dex:  9    Spells: 7/7 levels left

rFire   . . .      SeeInvis .   a - +0 hand axe
rCold   . . .      Faith    .   (no shield)
rNeg    . . .      Spirit   .   b - +0 animal skin
rPois   .          Reflect  .   (helmet restricted)
rElec   .          Harm     .   (no cloak)
rCorr   .          Rampage  .   (no gloves)
Will    .....      NoTele   +   (no boots)
Stlth   ..........              (no amulet)
HPRegen 0.31/turn               (no ring)
MPRegen 0.10/turn               (no ring)

@: berserking (expiring), quick
A: horns 2, retaliatory headbutt
a: Renounce Religion, Berserk, Trog's Hand, Brothers in Arms


You were in the Dungeon.
You worshipped Trog.
Trog was greatly pleased with you.
You visited 1 branch You collected 972 gold pieces.

Inventory:

Hand Weapons
 a - a +0 hand axe (weapon)
Armour
 b - a +0 animal skin (worn)
Scrolls
 h - a scroll of blinking
Potions
 c - a potion of curing
 d - a potion of heal wounds
 e - a potion of haste
 f - 2 potions of magic
 g - a potion of berserk rage


   Skills:
 + Level 13.3 Fighting
 + Level 14.1 Axes
 + Level 6.2 Armour
 + Level 6.9 Dodging
 + Level 0.7 Stealth


You had 7 spell levels left.
You didn't know any spells.
Your spell library was empty.

Dungeon Overview and Level Annotations

Branches:
Dungeon (1/1)

Altars:

Shops:
D (*(:?[:!!=[((=


Innate Abilities, Weirdness & Mutations

You have a pair of horns on your head.
You reflexively headbutt those who attack you in melee.


Message History

You hit the boulder beetle but do no damage.
The boulder beetle is moderately wounded.
You hit the boulder beetle but do no damage.
The boulder beetle bites you.
You hit the boulder beetle but do no damage.
The boulder beetle is moderately wounded.
You hit the boulder beetle but do no damage.
The boulder beetle leaps!
Your unstable footing causes you to fumble your attack.
Your unstable footing causes you to fumble your attack.
The boulder beetle bites you!!
The boulder beetle waves its antennae.
The boulder beetle curls into a ball and begins rolling!
You barely miss the boulder beetle. You headbutt the boulder beetle!
The boulder beetle is heavily wounded.
You hit the boulder beetle.
The boulder beetle is heavily wounded.
The boulder beetle misses you.
You barely miss the boulder beetle.
The boulder beetle is heavily wounded.
Your unstable footing causes you to fumble your attack.
You hit the boulder beetle but do no damage.
You headbutt the boulder beetle, but do no damage.
The boulder beetle is heavily wounded.
The boulder beetle bites you!!
You slash the boulder beetle!
The boulder beetle is severely wounded.
You slash the boulder beetle!
The boulder beetle is almost dead.
You slash the boulder beetle!
The boulder beetle is almost dead.
The boulder beetle bites you!
* * * LOW HITPOINT WARNING * * *
Your unstable footing causes you to fumble your attack.
You slash the boulder beetle!
You kill the boulder beetle!
Trog accepts your kill.
You can now call in reinforcements.
You hit the boulder beetle but do no damage.
The boulder beetle hits you!!!
You die...

..∩.∩#≈≈≈ ##+##
..∩.∩.#≈≈ ##.#.##
.∩.∩..#≈≈ #..#..#
..∩...#≈≈####...#### ##
.∩....#≈##.###'###.##..#
∩.∩...#≈#.#.##.###..#..#
.∩.∩..+≈'###'.<.'##.'..#
..∩.∩.#†#.#.##.##.#.#...
▓▓▓▓###@##.# #+###.##...
$######≈B####.#.#### ..
##≈°≈#..#B.# §≈
+#°##.#.## ≈ ≈°##'## ≈
≈≈≈≈ °°# ○☼° °°.


You could see a boulder beetle (rolling).

Vanquished Creatures
  A boulder beetle (D)
  2 wyverns (D)
  4 neqoxecs (D)
  4 necrophages (D)
11 creatures vanquished.

Notes
Turn   | Place    | Note
-------+----------+-------------------------------------------
     0 | D        | mhtbhm the Minotaur Berserker began the quest for the Orb.
     0 | D        | Reached XP level 1. HP: 19/19 MP: 0/0
     1 | D        | Noticed a necrophage
     1 | D        | Noticed a necrophage
     1 | D        | Noticed a necrophage
     1 | D        | Noticed a necrophage
     5 | D        | Killed a necrophage
     6 | D        | Reached skill level 7 in Axes
     6 | D        | Reached XP level 2. HP: 31/31 MP: 1/1
     6 | D        | Reached XP level 3. HP: 38/38 MP: 2/2
     9 | D        | Killed a necrophage
    10 | D        | Reached skill level 8 in Axes
    10 | D        | Reached XP level 4. HP: 48/48 MP: 3/3
    11 | D        | Killed a necrophage
    11 | D        | Reached ** piety under Trog
    12 | D        | Reached skill level 9 in Axes
    12 | D        | Reached XP level 5. HP: 57/57 MP: 4/4
    14 | D        | Reached skill level 10 in Axes
    72 | D        | Noticed a boulder beetle
    72 | D        | Noticed a boulder beetle
    76 | D        | Noticed a neqoxec
    77 | D        | Noticed a neqoxec
    81 | D        | Killed a neqoxec
    82 | D        | Reached skill level 10 in Fighting
    82 | D        | Reached skill level 11 in Axes
    82 | D        | Reached skill level 5 in Armour
    82 | D        | Reached skill level 5 in Dodging
    82 | D        | Reached XP level 6. HP: 67/67 MP: 5/5
    87 | D        | Killed a neqoxec
    87 | D        | Reached *** piety under Trog
    88 | D        | Reached skill level 12 in Axes
    88 | D        | Reached XP level 7. HP: 74/74 MP: 6/6
   118 | D        | Noticed a neqoxec
   122 | D        | Killed a neqoxec
   137 | D        | Noticed a neqoxec
   144 | D        | Killed a neqoxec
   145 | D        | Reached skill level 13 in Axes
   160 | D        | Noticed a wyvern
   160 | D        | Noticed a wyvern
   164 | D        | Killed a wyvern
   169 | D        | Killed a wyvern
   170 | D        | Reached skill level 14 in Axes
   170 | D        | Reached XP level 8. HP: 86/86 MP: 7/7
   261 | D        | Found Roigidgh's Weapon Emporium.
   262 | D        | Found Xishraelorgh's Distillery.
   262 | D        | Found Pammohuu's Book Emporium.
   262 | D        | Found Sofux's Antique Weapon Shoppe.
   262 | D        | Found Tegruh's Antique Armour Shoppe.
   262 | D        | Found Salarph's Jewellery Shoppe.
   262 | D        | Found Enieq's Assorted Antiques.
   262 | D        | Found Xohi Sei's Weapon Shoppe.
   262 | D        | Found Notacwit's Magic Scroll Emporium.
   262 | D        | Found Diuhulof's Jewellery Shoppe.
   262 | D        | Found Fuant's Distillery.
   263 | D        | Found Fety's Antique Armour Shoppe.
   263 | D        | Found Imucloti's Book Emporium.
   263 | D        | Found Wisopeca's Weapon Shoppe.
   286 | D        | Killed a boulder beetle
   286 | D        | Reached **** piety under Trog
   286 | D        | Annihilated by a boulder beetle

Illustrated notes

Levels and vault maps discovered:
D:        the_violet_keep_of_menkaure [sprint2_stairs_cluster_1,
          sprint2_shoproom, sprint2_temple, sprint2_basic_supplies,
          sprint2_obstacle_2, sprint2_obstacle_5, sprint2_obstacle_6,
          sprint2_obstacle_1, sprint2_obstacle_4, sprint2_timed_cluster_1,
          sprint2_smallroom_cluster_1, sprint2_smallroom_final_cluster_1,
          sprint2_transparent_cluster_1, sprint2_second_timed_cluster_1,
          sprint2_sniper_area_1, sprint2_heavy_combat_area_1,
          sprint2_mutation_trap_area_1, sprint2_forest_area_1,
          sprint2_light_combat_area_1, sprint2_behind_water_1,
          sprint2_near_end_vault_1]

Skill      XL: |  1  2  3  4  5  6  7 |
---------------+----------------------+-----
Fighting       | 6 8 9 10 11 13 | 13.3
Axes           | 7 8 9 11 12 14 | 14.1
Armour         | 3 4 5 6 |  6.2
Dodging        | 3 4 5 6 |  6.9
Stealth        | |  0.7

Action                   |  1- 3 |  4- 6 |  7- 9 || total
-------------------------+-------+-------+-------++-------
Melee: Hand axe          |     7 |    14 |    39 ||    60
       Headbutt          |     1 |     3 |    14 ||    18
       Punch             |       |     1 |       ||     1
Invok: Berserk           |     1 |     1 |     2 ||     4
Armor: Animal skin       |     1 |       |     1 ||     2
Dodge: Dodged            |     2 |     1 |    10 ||    13

Table legend: (Time is in decaauts)
 A = Elapsed time spent in this place.
 B = Non-inter-level travel time spent in this place.
 C = Inter-level travel time spent in this place.
 D = Time resting spent in this place.
 E = Time spent auto-exploring this place.
 F = Levels seen in this place.
 G = Mean time per level.
                   A        B        C        D        E       F      G
               +--------+--------+--------+--------+--------+-----+--------+
         Total |    291 |    291 |      0 |    200 |      1 |   1 |  291.0 |
       Dungeon |    291 |    291 |      0 |    200 |      1 |   1 |  291.0 |
               +--------+--------+--------+--------+--------+-----+--------+

Top non-repeatable levels by time:
       D: 291 daAuts
